 Dungeon Crawl Stone Soup version 0.22-a0-782-g038298e (webtiles) character file.

53 Kuinu the Firebug (level 3, -1/27 HPs)
             Began as a Draconian Fire Elementalist on July 20, 2018.
             Slain by an orc priest
             ... wielding a +0 club
              (6 damage)
             ... on level 2 of the Dungeon.
             The game lasted 00:05:39 (2160 turns).

Kuinu the Firebug (Draconian Fire Elementalist)     Turns: 2160, Time: 00:05:40

Health: -1/27      AC:  5    Str: 10    XL:     3   Next: 64%
Magic:  0/6        EV: 12    Int: 16    God:
Gold:   94         SH:  0    Dex: 14    Spells: 4/7 levels left

rFire    . . .     SeeInvis .   g - +0 dagger
rCold    . . .     Gourm    .   (no shield)
rNeg     . . .     Faith    .   (armour unavailable)
rPois    .         Spirit   .   (helmet restricted)
rElec    .         Reflect  .   (no cloak)
rCorr    .         Harm     .   (no gloves)
MR       .....                  (no boots)
Stlth    ++........             (no amulet)
HPRegen  0.09/turn              c - +3 ring of dexterity
MPRegen  0.10/turn              (no ring)

@: no status effects
A: unfitting armour, cold-blooded, AC +5
a: no special abilities


You were on level 2 of the Dungeon.
You were not hungry.

You visited 1 branch of the dungeon, and saw 2 of its levels.

You collected 94 gold pieces.

Inventory:

Hand Weapons
 g - a +0 dagger (weapon)
Jewellery
 c - a +3 ring of dexterity (left hand)
Scrolls
 a - 2 scrolls of identify {unknown}
 e - a scroll of immolation {unknown}
 f - 2 scrolls of remove curse {unknown}
 j - a scroll of teleportation {unknown}
 l - a scroll of amnesia {unknown}
Potions
 d - a potion of magic {unknown}
 h - a potion of flight {unknown}
 k - a potion of resistance {unknown}
 m - a potion of heal wounds {unknown}
Comestibles
 b - a ration


   Skills:
 - Level 0.4 Fighting
 + Level 2.1 Dodging
 + Level 2.3 Stealth
 * Level 2.5 Spellcasting
 + Level 1.4 Conjurations
 * Level 3.5 Fire Magic


You had 4 spell levels left.
You knew the following spells:

 Your Spells              Type           Power        Failure   Level  Hunger
a - Flame Tongue          Conj/Fire      #....        7%          1    #......
b - Throw Flame           Conj/Fire      #.....       11%         2    ##.....

Your spell library contained the following spells:

 Spells                   Type           Power        Failure   Level  Hunger
 Fireball                 Conj/Fire      #.........   89%         5    ######.
 Conjure Flame            Conj/Fire      #.......     22%         3    ###....
 Sticky Flame             Conj/Fire      #.......     56%         4    #####..
 Inner Flame              Hex/Fire       #.......     28%         3    ###....


Dungeon Overview and Level Annotations

Branches:
Dungeon (2/15)

Altars:


Innate Abilities, Weirdness & Mutations

Your plain brown scales are hard. (AC +5)
You cannot fit into any form of body armour.
You are cold-blooded and may be slowed by cold attacks.


Message History

Aim: an orc priest, wielding a club and wearing a scale mail (severely wounded)
The flame tongue misses the orc priest.
The orc priest hits you but does no damage.
Casting: Flame Tongue (safe; 7% risk of failure)
Confirm with . or Enter, or press ? or * to list all spells.
Aiming: Flame Tongue (safe; 7% risk of failure)
Press: ? - help, Shift-Dir - straight line, f/p - orc priest
Aim: an orc priest, wielding a club and wearing a scale mail (severely wounded)
The flame tongue misses the orc priest.
The orc priest hits you but does no damage.
Casting: Flame Tongue (safe; 7% risk of failure)
Confirm with . or Enter, or press ? or * to list all spells.
Aiming: Flame Tongue (safe; 7% risk of failure)
Press: ? - help, Shift-Dir - straight line, f/p - orc priest
Aim: an orc priest, wielding a club and wearing a scale mail (severely wounded)
The flame tongue hits the orc priest.
The orc priest is severely wounded.
The orc shouts!
The orc priest hits you with a club.
You die...

..... #.#.######...
#..#####.#.#........
##..........#.####.##
#......##.###.# #.#
#......##.....# #.#
#......######## #.#
#......######## #.#
##.#........... ..#
#.#@########## ### #
#o# #.oo...o.
#..o..... .....o.o.
......... ..........
...%......
...........


You could see an orc priest and 2 orcs.

Vanquished Creatures
  An adder (D:2)
  An ooze (D:2)
  A leopard gecko (D:1)
  7 bats
  4 giant cockroaches
  4 goblins (D:1)
  3 hobgoblins
  8 kobolds
  3 frilled lizards (D:1)
  7 rats
  A plant (D:1)
40 creatures vanquished.

Notes
Turn   | Place    | Note
-------+----------+-------------------------------------------
     0 | D:1      | Kuinu the Draconian Fire Elementalist began the quest for the Orb.
     0 | D:1      | Reached XP level 1. HP: 14/14 MP: 3/3
   797 | D:1      | Reached XP level 2. HP: 22/22 MP: 3/5
   801 | D:1      | Learned a level 2 spell: Throw Flame
  1382 | D:1      | Reached XP level 3. HP: 25/27 MP: 3/6
  2160 | D:2      | Slain by an orc priest

Vault maps used:
D:1:      doesnt_arrival_eight_statues, lexackson_kobold_supper

Skill      XL: |  1  2 |
---------------+-------+-----
Stealth        | 2 |  2.3
Dodging        | 2 |  2.1
Fighting       | |  0.4
Spellcasting   | |  2.5
Conjurations   | |  1.4
Fire Magic     | |  3.5

Action                   || total
-------------------------++-------
Melee: Unarmed           ||   119
       Tailslap          ||    15
       Dagger            ||     7
 Cast: Flame Tongue      ||    53
       Throw Flame       ||     5
  Eat: Chunk             ||     5
Armor: Skin              ||    25
Dodge: Dodged            ||    59

Table legend:
 A = Spawn XP
 B = Non-spawn XP
 C = Spawn XP percentage of total XP
 D = Spawn monster count
 E = Non-spawn monster count
 F = Spawn count percentage of total count
 G = Total turns spent on level
                    A         B        C        D         E        F      G
               +---------+---------+-------+---------+---------+-------+---------
         Total |       0 |      77 |   0.0 |       0 |      39 |   0.0 |  2160
               +---------+---------+-------+---------+---------+-------+---------
           D:1 |       0 |      45 |   0.0 |       0 |      30 |   0.0 |  1783
           D:2 |       0 |      32 |   0.0 |       0 |       9 |   0.0 |   377
               +---------+---------+-------+---------+---------+-------+---------
